FLO
ST. LUCIE METS @ PALM BEACH CARDINALS
04/17/2024
 
TOP OF THE 1ST
St. Lucie Mets batting - Pitching for Palm Beach Cardinals : RHP Garrett Greene
Pitching: RHP Garrett Greene
Batting: RHB Felipe Miranda 0-0: Ball
1-0: Foul Ball, location: 2F
1-1: Reached on error, E4 (Groundball, 4S, EV 78.1 MPH)
Batting: RHB Cayden Wallace 0-0: Ball
1-0: Foul Ball, location: 5F
1-1: Called Strike
1-2: Ball
Felipe Miranda is caught stealing 2nd base 2-4
2-2: Ball
3-2: Foul Ball, location: 9LSF
3-2: SOLO HOME RUN (Flyball, 78XD, EV 99.4 MPH), Distance : 407 ft
Batting: RHB Connor Norby 0-0: Called Strike
0-1: Swinging Strike
0-2: Strikes out swinging
Batting: SHB Jared Teller 0-0: Called Strike
0-1: Foul Ball, location: 7LDF
0-2: Strikes out swinging
Top of the 1st over - 1 run, 1 hit, 1 error, 0 left on base; St. Lucie 1 - Palm Beach 0
BOTTOM OF THE 1ST
Palm Beach Cardinals batting - Pitching for St. Lucie Mets : RHP Ryan Lane
Pitching: RHP Ryan Lane
Batting: RHB Kyren Paris 0-0: Ball
1-0: Ball
2-0: Called Strike
2-1: Called Strike
2-2: SINGLE (Groundball, 34S, EV 65.6 MPH) (infield hit)
Batting: LHB David Harris 0-0: Ball
1-0: Ball
2-0: Bunted foul
2-1: Bunted foul
2-2: Foul Ball, location: 23F
2-2: Ball
3-2: Foul Ball, location: 7LSF
3-2: Base on Balls
Kyren Paris to second
Batting: LHB Peyton Stovall 0-0: Called Strike
0-1: Ball
1-1: Ball
2-1: Ball
3-1: Called Strike
3-2: Foul Ball, location: 7LDF
Balk!
Kyren Paris to third
David Harris to second
3-2: Base on Balls
Batting: LHB Marcelo Mayer 0-0: Grounds into fielders choice 3-2 (Groundball, 3L, EV 91.9 MPH)
David Harris to third
Peyton Stovall to second
Batting: RHB Jake Briningstool 0-0: Ball
1-0: Fly out, F9 (Flyball, 89D, EV 93.8 MPH)
Runner from 3rd tags up, SCORES, throw by RF
Peyton Stovall to third
Batting: RHB Carlos Flores 0-0: Ball
1-0: Fly out, F9 (Flyball, 9, EV 96.9 MPH)
Bottom of the 1st over - 1 run, 1 hit, 0 errors, 2 left on base; St. Lucie 1 - Palm Beach 1
TOP OF THE 2ND
St. Lucie Mets batting - Pitching for Palm Beach Cardinals : RHP Garrett Greene
Batting: RHB Will Brown 0-0: Called Strike
0-1: SINGLE (Groundball, 34D, EV 96.3 MPH)
Batting: LHB Todd Phipps 0-0: Fly out, F6 (Popup, P, EV 80.6 MPH)
Batting: RHB Elijah Brooks 0-0: Ball
1-0: Called Strike
1-1: Foul Ball, location: 25FF
1-2: Ball
2-2: Fly out, F3 (Popup, 34, EV 83.8 MPH)
Batting: LHB Larry Watson 0-0: Ball
1-0: SINGLE (Line Drive, 8LS, EV 95.0 MPH)
Will Brown to second
Runner from 2nd tries for 3rd, SAFE, no throw by CF
Batting: RHB Luis Domínguez 0-0: Swinging Strike
0-1: Foul Ball, location: 2F
0-2: Ball
1-2: Ball
2-2: Strikes out swinging
Top of the 2nd over - 0 runs, 2 hits, 0 errors, 2 left on base; St. Lucie 1 - Palm Beach 1
BOTTOM OF THE 2ND
Palm Beach Cardinals batting - Pitching for St. Lucie Mets : RHP Ryan Lane
Batting: RHB Steffen Smith 0-0: DOUBLE (Flyball, 8RXD, EV 96.9 MPH)
Batting: LHB Sergio García 0-0: Ball
1-0: Called Strike
1-1: Foul Ball, location: 2F
1-2: Ground out U3 (Groundball, 3L, EV 105.0 MPH)
Steffen Smith to third
Batting: RHB Olivier Barbot 0-0: Ball
Passed Ball!
Steffen Smith scores
1-0: Foul Ball, location: 2F
1-1: Ball
2-1: Swinging Strike
2-2: Fly out, F3 (Line Drive, 3, EV 71.9 MPH)
Batting: RHB Kyren Paris 0-0: Foul Ball, location: 2F
0-1: Swinging Strike
0-2: Ball
1-2: Strikes out swinging
Bottom of the 2nd over - 1 run, 1 hit, 0 errors, 0 left on base; St. Lucie 1 - Palm Beach 2
TOP OF THE 3RD
St. Lucie Mets batting - Pitching for Palm Beach Cardinals : RHP Garrett Greene
Batting: RHB Felipe Miranda 0-0: Ball
1-0: Ball
2-0: Called Strike
2-1: Called Strike
2-2: Ball
3-2: SINGLE (Groundball, 34D, EV 100.0 MPH)
Batting: RHB Cayden Wallace 0-0: Ball
1-0: Fly out, F8 (Flyball, 8RM, EV 98.8 MPH)
Batting: RHB Connor Norby 0-0: Ball
1-0: Ball
Felipe Miranda steals 2nd base
2-0: Ball
3-0: Called Strike
3-1: Base on Balls
Batting: SHB Jared Teller 0-0: Called Strike
0-1: Foul Ball, location: 2F
0-2: Ball
1-2: Foul Ball, location: 2F
1-2: Grounds into double play, 6-4-3 (Groundball, 6, EV 83.1 MPH)
Top of the 3rd over - 0 runs, 1 hit, 0 errors, 1 left on base; St. Lucie 1 - Palm Beach 2
BOTTOM OF THE 3RD
Palm Beach Cardinals batting - Pitching for St. Lucie Mets : RHP Ryan Lane
Batting: LHB David Harris 0-0: Called Strike
0-1: Ball
1-1: Ground out 1-3 (Groundball, P, EV 63.8 MPH)
Batting: LHB Peyton Stovall 0-0: Ball
1-0: Ground out 4-3 (Groundball, 4, EV 68.1 MPH)
Batting: LHB Marcelo Mayer 0-0: Ball
1-0: Fly out, F8 (Flyball, 78D, EV 100.0 MPH)
Bottom of the 3rd over - 0 runs, 0 hits, 0 errors, 0 left on base; St. Lucie 1 - Palm Beach 2
TOP OF THE 4TH
St. Lucie Mets batting - Pitching for Palm Beach Cardinals : RHP Garrett Greene
Batting: RHB Will Brown 0-0: Ball
1-0: Ball
2-0: Ball
3-0: Called Strike
3-1: Fly out, F4 (Popup, 34, EV 59.4 MPH)
Batting: LHB Todd Phipps 0-0: Ground out 6-3 (Groundball, 6M, EV 86.9 MPH)
Batting: RHB Elijah Brooks 0-0: Ball
1-0: Ball
2-0: Ball
3-0: Base on Balls
Batting: LHB Larry Watson 0-0: Foul Ball, location: 7LMF
0-1: Ground out 1-3 (Groundball, 13S, EV 66.9 MPH)
Top of the 4th over - 0 runs, 0 hits, 0 errors, 1 left on base; St. Lucie 1 - Palm Beach 2
BOTTOM OF THE 4TH
Palm Beach Cardinals batting - Pitching for St. Lucie Mets : RHP Ryan Lane
Batting: RHB Jake Briningstool 0-0: Foul Ball, location: 2F
0-1: Called Strike
0-2: Ball
1-2: Ball
2-2: Ground out 6-3 (Groundball, 6, EV 81.3 MPH)
Batting: RHB Carlos Flores 0-0: SOLO HOME RUN (Flyball, 89XD, EV 98.8 MPH), Distance : 397 ft
Batting: RHB Steffen Smith 0-0: Ball
1-0: Fly out, F4 (Popup, 13, EV 72.5 MPH)
Batting: LHB Sergio García 0-0: Ball
1-0: Ground out 4-3 (Groundball, 4, EV 85.6 MPH)
Bottom of the 4th over - 1 run, 1 hit, 0 errors, 0 left on base; St. Lucie 1 - Palm Beach 3
TOP OF THE 5TH
St. Lucie Mets batting - Pitching for Palm Beach Cardinals : RHP Garrett Greene
Batting: RHB Luis Domínguez 0-0: Ball
1-0: Called Strike
1-1: Called Strike
1-2: Foul Ball, location: 3FF
1-2: Ball
2-2: Strikes out looking
Batting: RHB Felipe Miranda 0-0: Called Strike
0-1: Ball
1-1: Swinging Strike
1-2: Strikes out swinging
Batting: RHB Cayden Wallace 0-0: Called Strike
0-1: Ball
1-1: Ball
2-1: Ball
3-1: Base on Balls
Batting: RHB Connor Norby 0-0: Called Strike
0-1: Ground out 4-3 (Groundball, 34S, EV 83.1 MPH)
Top of the 5th over - 0 runs, 0 hits, 0 errors, 1 left on base; St. Lucie 1 - Palm Beach 3
BOTTOM OF THE 5TH
Palm Beach Cardinals batting - Pitching for St. Lucie Mets : RHP Ryan Lane
Batting: RHB Olivier Barbot 0-0: Foul Ball, location: 23FF
0-1: Ball
1-1: Foul Ball, location: 5DF
1-2: Ball
2-2: Strikes out swinging
Batting: RHB Kyren Paris 0-0: SINGLE (Line Drive, 34D, EV 106.3 MPH)
Batting: LHB David Harris 0-0: Ball
1-0: Foul Ball, location: 7LDF
1-1: Called Strike
1-2: Ball
2-2: Ball
3-2: Strikes out swinging
Kyren Paris steals 2nd, throwing error, E2
Kyren Paris to third
Batting: LHB Peyton Stovall 0-0: Called Strike
0-1: Called Strike
0-2: Ball
1-2: Strikes out looking
Bottom of the 5th over - 0 runs, 1 hit, 1 error, 1 left on base; St. Lucie 1 - Palm Beach 3
TOP OF THE 6TH
St. Lucie Mets batting - Pitching for Palm Beach Cardinals : RHP Garrett Greene
Batting: SHB Jared Teller 0-0: Swinging Strike
0-1: Foul Ball, location: 23FF
0-2: Ball
1-2: Strikes out swinging
Pitching: RHP Carlos Granados
Batting: RHB Will Brown 0-0: Called Strike
0-1: Foul Ball, location: 9LDF
0-2: Strikes out looking
Batting: LHB Todd Phipps 0-0: Ball
1-0: Ball
2-0: Ball
3-0: Called Strike
3-1: Foul Ball, location: 7LSF
3-2: Strikes out swinging
Top of the 6th over - 0 runs, 0 hits, 0 errors, 0 left on base; St. Lucie 1 - Palm Beach 3
BOTTOM OF THE 6TH
Palm Beach Cardinals batting - Pitching for St. Lucie Mets : RHP Ryan Lane
Batting: LHB Marcelo Mayer 0-0: Called Strike
0-1: Reached via error on a dropped throw from 2B, E3 (Groundball, 4, EV 84.4 MPH)
Batting: RHB Jake Briningstool 0-0: Foul Ball, location: 2F
0-1: Fielders Choice at 2nd, 6-4 (Groundball, 6, EV 101.9 MPH)
Batting: RHB Carlos Flores 0-0: Ball
1-0: Foul Ball, location: 2F
1-1: Grounds into double play, 4-6-3 (Groundball, 4, EV 86.9 MPH)
Bottom of the 6th over - 0 runs, 0 hits, 1 error, 0 left on base; St. Lucie 1 - Palm Beach 3
TOP OF THE 7TH
St. Lucie Mets batting - Pitching for Palm Beach Cardinals : RHP Carlos Granados
Batting: RHB Elijah Brooks 0-0: Ball
1-0: Ground out 6-3 (Groundball, 6, EV 88.1 MPH)
Batting: LHB Larry Watson 0-0: Foul Ball, location: 5FF
0-1: Fly out, F8 (Flyball, 8RD, EV 88.8 MPH)
Batting: RHB Luis Domínguez 0-0: Ground out 5-3 (Groundball, 56, EV 108.1 MPH)
Top of the 7th over - 0 runs, 0 hits, 0 errors, 0 left on base; St. Lucie 1 - Palm Beach 3
BOTTOM OF THE 7TH
Palm Beach Cardinals batting - Pitching for St. Lucie Mets : RHP Ryan Lane
Batting: RHB Steffen Smith 0-0: Ball
1-0: Ball
2-0: Ball
3-0: SINGLE (Groundball, 6MD, EV 101.3 MPH)
Batting: LHB Sergio García 0-0: Foul Ball, location: 2F
0-1: Ball
1-1: Ball
2-1: Foul Ball, location: 7LMF
2-2: Strikes out swinging
Pitching: RHP William Tupm
Batting: RHB Olivier Barbot 0-0: Called Strike
0-1: Ball
1-1: Called Strike
1-2: Ball
2-2: Strikes out swinging
Batting: RHB Kyren Paris 0-0: Ball
1-0: Called Strike
1-1: SINGLE (Line Drive, 89S, EV 97.5 MPH)
Steffen Smith to second
Batting: LHB David Harris 0-0: Ball
1-0: Ball
2-0: Foul Ball, location: 2F
2-1: Foul Ball, location: 7LMF
2-2: Ball
3-2: Foul Ball, location: 9LSF
3-2: Base on Balls
Steffen Smith to third
Kyren Paris to second
Batting: LHB Peyton Stovall 0-0: Ball
1-0: Ball
2-0: Ball
3-0: Called Strike
3-1: Base on Balls
Steffen Smith scores
Kyren Paris to third
David Harris to second
Batting: LHB Marcelo Mayer 0-0: Foul Ball, location: 2F
0-1: Fly out, F8 (Flyball, 8LM, EV 80.0 MPH)
Bottom of the 7th over - 1 run, 2 hits, 0 errors, 3 left on base; St. Lucie 1 - Palm Beach 4
TOP OF THE 8TH
St. Lucie Mets batting - Pitching for Palm Beach Cardinals : RHP Carlos Granados
Batting: RHB Felipe Miranda 0-0: Ball
1-0: Called Strike
1-1: Foul Ball, location: 2F
1-2: Strikes out swinging
Batting: RHB Cayden Wallace 0-0: Foul Ball, location: 7LSF
0-1: Ball
1-1: Called Strike
1-2: Ball
2-2: Foul Ball, location: 2F
2-2: Foul Ball, location: 23FF
2-2: SINGLE (Line Drive, 9S, EV 95.0 MPH)
Batting: RHB Connor Norby 0-0: Foul Ball, location: 23F
0-1: Foul Ball, location: 2F
0-2: Foul Ball, location: 2F
0-2: Ball
1-2: Fly out, F9 (Flyball, 9S, EV 93.1 MPH)
Batting: SHB Jared Teller 0-0: Called Strike
0-1: Fielders Choice at 2nd, 5-4 (Groundball, 5, EV 83.8 MPH)
Top of the 8th over - 0 runs, 1 hit, 0 errors, 1 left on base; St. Lucie 1 - Palm Beach 4
BOTTOM OF THE 8TH
Palm Beach Cardinals batting - Pitching for St. Lucie Mets : RHP William Tupm
Batting: RHB Jake Briningstool 0-0: Foul Ball, location: 9LSF
0-1: Ground out 6-3 (Groundball, 6, EV 100.0 MPH)
Batting: RHB Carlos Flores 0-0: Ball
1-0: Foul Ball, location: 9LSF
1-1: Called Strike
1-2: Foul Ball, location: 9LDF
1-2: Ball
2-2: Ball
3-2: Foul Ball, location: 2F
3-2: Base on Balls
Batting: RHB Steffen Smith 0-0: Ball
1-0: Called Strike
1-1: Fly out, F2 (Popup, 2R, EV 93.1 MPH)
Batting: LHB Sergio García 0-0: Ball
1-0: Ball
2-0: Called Strike
2-1: Called Strike
2-2: SINGLE (Groundball, 4MD, EV 101.9 MPH)
Carlos Flores to second
Batting: RHB Olivier Barbot 0-0: Foul Ball, location: 2F
0-1: Called Strike
0-2: Ball
1-2: Strikes out swinging
Bottom of the 8th over - 0 runs, 1 hit, 0 errors, 2 left on base; St. Lucie 1 - Palm Beach 4
TOP OF THE 9TH
St. Lucie Mets batting - Pitching for Palm Beach Cardinals : RHP Carlos Granados
Pitching: LHP Bob Dailey
Batting: RHB Will Brown 0-0: Fly out, F8 (Flyball, 8LD, EV 107.5 MPH)
Batting: LHB Todd Phipps 0-0: Ball
1-0: Foul Ball, location: 5SF
1-1: Called Strike
1-2: Fly out, F7 (Flyball, 7LD, EV 107.5 MPH)
Batting: RHB Elijah Brooks 0-0: Ball
1-0: Foul Ball, location: 7LDF
1-1: Swinging Strike
1-2: Strikes out swinging
Top of the 9th over - 0 runs, 0 hits, 0 errors, 0 left on base; St. Lucie 1 - Palm Beach 4
Tuesday, April 23rd , 2024 - OOTP Baseball 24.11 Build 85